Cogmind - Beta 15 @@@ ROGUE MODE // 2025.06.25 @ 21:31:55 Player: LoftTara Result: Destroyed by S-10 Pest with Light Assault Rifle Performance ------------- Evolutions (0) 0 Regions Visited (3) 600 Robots Destroyed (5) 25 Value Destroyed (50) 50 Prototype IDs (0) 0 Alien Tech Used (0) 0 Bonus (0) 0 TOTAL SCORE: 675 Bonus ------- None Cogmind --------- Core Integrity 0/250 Matter 206/300 Energy 83/100 System Corruption 0% Temperature Cool (0) Movement Flying (117) Ox1 Location -10/Subcaves Parts ------- > --- POWER (1) -------- (None) > --- PROPULSION (2) --- Flight Unit Flight Unit > --- UTILITY (2) ------ Small Storage Unit > --- WEAPON (2) ------- Medium Laser Mining Claw > --- INVENTORY (8) ---- High-capacity Matter Pod (0) Scrap Shield Medium Laser Datajack Peak State ------------ > --- POWER ------------ Ion Engine > --- PROPULSION ------- Light Treads Light Treads > --- UTILITY ---------- Small Storage Unit > --- WEAPON ----------- EM Pulse Gun Medium Laser > --- INVENTORY -------- (None) [Rating: 6] Favorites ----------- Power Ion Engine Engine Ion Engine Propulsion Light Treads Treads Light Treads Flight Unit Flight Unit Utility Small Storage Unit Storage Small Storage Unit Weapon EM Pulse Gun Energy Gun EM Pulse Gun Special Weapon Mining Laser Slashing Weapon Mining Claw Special Melee Weapon Datajack Build | -11 -10 -10 -10 ------- Run | Yrd Mat Min Sub Slots Evolved . | . . . . Power . | . . . . Propulsion . | . . . . Utility . | . . . . Weapon . | . . . . Parts Attached 15 | 6 5 4 . Power 2 | 1 1 . . Engine 2 | 1 1 . . Core . | . . . . Reactor . | . . . . Propulsion 5 | 2 . 3 . Treads 2 | 2 . . . Leg . | . . . . Wheel . | . . . . Hover . | . . . . Flight 3 | . . 3 . Utility 2 | 1 1 . . Device . | . . . . Storage 2 | 1 1 . . Processor . | . . . . Hackware . | . . . . Protection . | . . . . Artifact . | . . . . Weapon 6 | 2 3 1 . Energy Gun 3 | 2 . 1 . Energy Cannon . | . . . . Ballistic Gun . | . . . . Ballistic Cannon . | . . . . Launcher . | . . . . Special Weapon 1 | . 1 . . Impact Weapon . | . . . . Slashing Weapon 1 | . 1 . . Piercing Weapon . | . . . . Special Melee Weapon 1 | . 1 . . Unidentified Prototypes . | . . . . Parts Lost 5 | . . 5 . Power 2 | . . 2 . Propulsion 2 | . . 2 . Utility . | . . . . Weapon 1 | . . 1 . Highest Loss Streak 5 | . . 5 . To Critical Strikes . | . . . . Average Backups 3 | 1 4 4 4 Power . | . 1 . . Propulsion . | . . . . Utility . | . . 1 2 Weapon 1 | . 1 1 1 Tool/Special . | . . . . Unused Backups . | . . . . Power . | . . . . Propulsion . | . . . . Utility . | . . . . Weapon . | . . . . Tool/Special . | . . . . Average Slot Usage (%) 79 | . 82 69 57 Engine 12 | . 13 10 . Treads 22 | . 26 5 . Flight 1 | . . 5 28 Storage 15 | . 14 24 . Energy Gun 15 | . 16 8 14 Slashing Weapon 11 | . 10 14 14 Peak Build Rating 6 | 6 6 6 5 Average Rating 5 | 4 5 4 4 On Entrance 4 | . 6 6 4 Naked Turns . | . . . . Heaviest Build 18 | 14 18 18 4 Greatest Support 40 | 40 40 20 8 Greatest Overweight (x) 3 | . 2 3 . Average Overweight (x) . | . . . . Largest Inventory Capacity 8 | 8 8 8 8 Average Capacity 7 | 7 8 7 5 Most Carried 8 | 4 8 6 4 Average Carried 3 | 1 4 4 3 Final Capacity 8 | 8 8 5 8 Final Carried 5 | 2 5 4 5 Class Distribution -------------------- 100% | Mutant Dominant Class ---------------- Mutant | -10/Materials Mutant | -10/Mines Mutant | -10/Subcaves Resources | -11 -10 -10 -10 ----------- Run | Yrd Mat Min Sub Matter Collected 291 | 260 31 . . Remotely . | . . . . Salvage Created 72 | . 40 32 . Parts 6 | . 3 3 . Haulers Intercepted . | . . . . Recyclers Shooed . | . . . . Parts Field Recycled . | . . . . Retrieved Matter . | . . . . Parts Self-Destructed . | . . . . Prevented . | . . . . Kills | -11 -10 -10 -10 ------- Run | Yrd Mat Min Sub Combat Hostiles Destroyed 5 | . 3 2 . Melee 1 | . . 1 . Guns 2 | . 1 1 . AOE 2 | . 2 . . Classes Destroyed 1 | . 1 . . Swarmer 5 | . 3 2 . Best Kill Streak 2 | . 2 1 . Combat Bots Only 2 | . 2 1 . Max Kills in Single Turn 2 | . 2 1 . Gunslinging . | . . . . Exploded 2 | . 2 . . Melee 1 | . . 1 . Uniques/NPCs Destroyed . | . . . . Combat | -11 -10 -10 -10 -------- Run | Yrd Mat Min Sub Hostile Shots Fired 95 | . 15 76 4 Missed 19 | . 5 13 1 Hits 76 | . 10 63 3 Projectile 76 | . 10 63 3 Critical Strikes 1 | . . 1 . Damage Taken 723 | . 108 595 20 Core 252 | . . 238 14 Absorbed by Shields . | . . . . Core Remaining (%) 100 | 100 . . . Volleys Fired 13 | . 10 3 . Largest 1 | . 1 1 . Hottest 50 | . 40 50 . Shots Fired 13 | . 10 3 . Gun 13 | . 10 3 . Cannon . | . . . . Launcher . | . . . . Special . | . . . . Kinetic . | . . . . Thermal 3 | . . 3 . Explosive . | . . . . Electromagnetic 10 | . 10 . . Robot Hit Streak 2 | . 2 2 . Robot Miss Streak 4 | . 4 1 . Penetration Max . | . . . . Secondary Targets . | . . . . Shots Hit Robots 9 | . 4 5 . Core Hits 5 | . 3 2 . Critical Kills . | . . . . Critical Parts Destroyed . | . . . . Critical Strikes . | . . . . Melee Attacks 14 | . 1 13 . Impact . | . . . . Slashing 13 | . . 13 . Piercing . | . . . . Sneak Attacks 1 | . . 1 . Combat Hostiles 1 | . . 1 . Follow-up Attacks . | . . . . Damage Inflicted 257 | . 165 92 . Guns 78 | . 54 24 . Cannons . | . . . . Explosions 111 | . 111 . . Melee 68 | . . 68 . Ramming . | . . . . Kinetic . | . . . . Thermal 135 | . 111 24 . Explosive . | . . . . Electromagnetic 54 | . 54 . . Impact . | . . . . Slashing 68 | . . 68 . Piercing . | . . . . Highest Corruption . | . . . . Average Corruption . | . . . . Corruption Purged . | . . . . Corruption Blocked . | . . . . Overload Shots . | . . . . Overflow Damage 4 | . . 4 . Projectiles . | . . . . Explosions . | . . . . Melee 4 | . . 4 . Knockbacks . | . . . . Impact . | . . . . Kinetic . | . . . . Secondary . | . . . . Self-Inflicted Damage 31 | . 31 . . Shots 1 | . 1 . . Rammed . | . . . . Targets Rammed . | . . . . Kicked . | . . . . Crushed . | . . . . Highest Temperature 66 | . 18 66 . Average Temperature 31 | . 15 35 . Received Heat Transfer 171 | . 12 147 12 Siege Activations . | . . . . Martial Activations . | . . . . Shielding Activations . | . . . . Robots Disrupted . | . . . . Combat Hostiles . | . . . . Robots Corrupted . | . . . . Combat Hostiles . | . . . . Parts Fried . | . . . . Impact Corruptions . | . . . . Robots Melted . | . . . . Combat Hostiles . | . . . . Parts Melted . | . . . . Heat Transferred 224 | . 150 74 . Parts Sabotaged . | . . . . Parts Stolen . | . . . . Parts Stripped . | . . . . Power Chain Reactions 1 | . 1 . . Alert | -11 -10 -10 -10 ------- Run | Yrd Mat Min Sub Maximum Alert Level . | . . . . Low Security (%) 100 | 100 100 100 . Level 1 . | . . . . Level 2 . | . . . . Level 3 . | . . . . Level 4 . | . . . . Level 5 . | . . . . High Security . | . . . . Max Security . | . . . . Peak Influence 69 | . 69 20 . Initial . | . . . . Average 14 | . 21 4 . Influence Increases 144 | . 89 40 15 Destroy 0b10 Robot/C 100 | . 60 40 . Destroy Leader 10 | . 10 . . Destroy Structure 4 | . 4 . . Lose Combat Pursuer 30 | . 15 . 15 Influence Decreases 129 | . 89 40 . Time Decay 109 | . 89 20 . Lost Part 20 | . . 20 . Squads Dispatched 1 | . 1 . . Investigation . | . . . . Extermination . | . . . . Reinforcement 1 | . 1 . . Assault . | . . . . Garrison . | . . . . Intercept . | . . . . Searches Triggered . | . . . . Construction Impeded . | . . . . Haulers Reinforced . | . . . . Active Scanning Responses . | . . . . Cargo Convoy Interrupts . | . . . . Stealth | -11 -10 -10 -10 --------- Run | Yrd Mat Min Sub Distress Signals . | . . . . Communications Jammed . | . . . . Distress Signals . | . . . . Times Spotted 16 | . 7 5 4 Peak Tracking Total 6 | . 4 4 6 Tactical Retreats 2 | . 1 . 1 Traps | -11 -10 -10 -10 ------- Run | Yrd Mat Min Sub Traps Triggered 2 | . 2 . . Indirectly . | . . . . Trap Hack Attempts . | . . . . Triggered . | . . . . Disarmed . | . . . . Reprogrammed . | . . . . Reused . | . . . . Traps Extracted . | . . . . Installed . | . . . . Triggered . | . . . . Machines | -11 -10 -10 -10 ---------- Run | Yrd Mat Min Sub Machines Disabled . | . . . . Max in Single Turn . | . . . . Machines Repaired . | . . . . Machines Dismantled . | . . . . Machines Sabotaged . | . . . . Overloaded Fab Kills . | . . . . Hacking | -11 -10 -10 -10 --------- Run | Yrd Mat Min Sub Machines Accessed 1 | . 1 . . Terminals 1 | . 1 . . Fabricators . | . . . . Repair Stations . | . . . . Recycling Units . | . . . . Scanalyzers . | . . . . Garrison Access . | . . . . Total Hacks 2 | . 2 . . Successful 1 | . 1 . . Failed 1 | . 1 . . Catastrophic 1 | . 1 . . Database Lockouts . | . . . . Manual . | . . . . Terminals 2 | . 2 . . Fabricators . | . . . . Repair Stations . | . . . . Recycling Units . | . . . . Scanalyzers . | . . . . Garrison Access . | . . . . Terminal Hacks 1 | . 1 . . Locate Traps 1 | . 1 . . Fabricator Hacks . | . . . . Repair Station Hacks . | . . . . Recycling Unit Hacks . | . . . . Scanalyzer . | . . . . Garrison Access Hacks . | . . . . Unauthorized Hacks . | . . . . Terminals . | . . . . Fabricators . | . . . . Repair Stations . | . . . . Recycling Units . | . . . . Scanalyzers . | . . . . Garrison Access . | . . . . Data Cores Recovered . | . . . . Used . | . . . . Hacking Detections 1 | . 1 . . Full Trace Events . | . . . . Feedback Events . | . . . . Feedback Blocked . | . . . . Robot Schematics Acquired . | . . . . Robots Built . | . . . . Authchips . | . . . . Time . | . . . . Total Robot Build Rating . | . . . . Part Schematics Acquired . | . . . . Parts Built . | . . . . Authchips . | . . . . Time . | . . . . Total Part Build Rating . | . . . . Parts Repaired . | . . . . Time . | . . . . Parts Recycled . | . . . . Recycled Matter . | . . . . Retrieved Matter . | . . . . Retrieved Components . | . . . . Parts Scanalyzed . | . . . . Part Schematics Acquired . | . . . . Parts Damaged . | . . . . Bothacking | -11 -10 -10 -10 ------------ Run | Yrd Mat Min Sub Used RIF Installer . | . . . . Robots Hacked 1 | . 1 . . Non-combat 1 | . 1 . . Combat . | . . . . Robot Hacks Applied 1 | . 1 . . parse_system 1 | . 1 . . Relay Couplers Released . | . . . . Fabnet Peak Effective % . | . . . . Robots Rewired . | . . . . Allies Hacked . | . . . . Hacks Repelled . | . . . . Allies | -11 -10 -10 -10 -------- Run | Yrd Mat Min Sub Total Allies . | . . . . Largest Group . | . . . . Highest-Rated Group . | . . . . Highest-Rated Ally . | . . . . Total Orders . | . . . . Ally Attacks . | . . . . Total Damage . | . . . . Kills . | . . . . Allies Corrupted . | . . . . Allies Melted . | . . . . Intel | -11 -10 -10 -10 ------- Run | Yrd Mat Min Sub Active Infowar (turns) . | . . . . Robot Analysis Total . | . . . . Derelict Logs Recovered . | . . . . Drone Launches . | . . . . Drone Recoveries . | . . . . Exploration | -11 -10 -10 -10 ------------- Run | Yrd Mat Min Sub Turns Passed 476 | 84 318 69 5 Spaces Moved 226 | 52 149 15 10 Core 12 | 11 1 . . Treads 192 | 41 148 3 . Legs . | . . . . Wheels . | . . . . Hover . | . . . . Flight 22 | . . 12 10 Fastest Speed 37 | 50 150 37 37 Average Speed 145 | 136 159 99 37 Slowest Speed 280 | 160 160 280 37 Overloaded Moves . | . . . . Propulsion Burnouts . | . . . . Robots Hopped . | . . . . Potential Cave-ins . | . . . . Cave-ins Triggered . | . . . . Exploration Rate (%) 10 | 4 30 5 2 Regions Visited 3 Branch Regions 2 Pre-discovered Areas . | . . . . Known Exits Taken . | . . . . Unknown Exits Taken 3 | 1 1 1 . Scrap Searched . | . . . . Spaces Dug . | . . . . Terrain Destroyed 4 | . 4 . . Melee . | . . . . Projectile . | . . . . AOE 4 | . 4 . . Terrain Rammed . | . . . . Walls Destroyed . | . . . . Machines Disabled . | . . . . Actions | -11 -10 -10 -10 --------- Run | Yrd Mat Min Sub Total 332 | 65 215 40 12 Wait 40 | . 40 . . Move 223 | 51 148 14 10 Hop . | . . . . Pick Up 17 | 8 6 2 1 Fast Attach 2 | . 2 . . Attach 14 | 6 2 5 1 Detach 2 | . . 2 . Swap 5 | . 5 . . Drop 2 | . 1 1 . Fire 13 | . 10 3 . Melee 14 | . 1 13 . Ram . | . . . . Kick . | . . . . Crush . | . . . . Escape Stasis . | . . . . Rewire . | . . . . Trap . | . . . . Miscellaneous . | . . . . Route ------- -11/Scrapyard -10/Materials (discovered 2 exits: [*Mat] / [*Min]) -10/Mines -10/Subcaves History --------- Turn | Location | Event 8 | -11/Scrapyard | Discovered new exit (range 15) 85 | -11/Scrapyard | Entered Materials 281 | -10/Materials | Discovered new exit (range 7) 304 | -10/Materials | Discovered new exit (range 16) 318 | -10/Materials | Build established: Mutant 403 | -10/Materials | Entered Mines 447 | -10/Mines | Core integrity fell below 50% 456 | -10/Mines | Core integrity fell below 20% 469 | -10/Mines | Discovered new exit (range 9) 472 | -10/Mines | Entered Subcaves 473 | -10/Subcaves | Approached by a straggling Scientist 477 | -10/Subcaves | Destroyed by S-10 Pest with Light Assault Rifle Last Messages --------------- Acquired Flight Unit. T-07 Excavator is excavating. Dropped Med. Matter Pod. EXIT=FOUND T-07 Excavator is excavating. LOCATION=UNKNOWN AMBIENT_HEAT=-10 GOAL=ESCAPE BO-TKO(h): "Hey you don't look like the usual menacing locals. I'm on point searching for advanced tech we've heard is being developed in secret down here, seen anything like that?" C2-11P(c): "Thank the algorithms! I was beginning to lose hope I'd never make it past all the Subs lurking out here." C2-11P(c) destroyed. BO-TKO(h) drops a Scrap Shield: "Protect yourself with this!" HV Slug penetrates Wall. Acquired Scrap Shield. Map ----- +----------------------------------------------------+ | | | | | | | ?????????????????????????????????????????????????? | | ?????????????????????????????????????????????????? | | ?????????????????????????????????????????????????? | | ?????????????????????????????????????????????????? | | ?????????????????????????????????????????????????? | | ?????????????????????????????????????????????????? | | ?????????????????????????????????????????????????? | | ?????????????????????????????????????????????????? | | ?????????????????????????????????????????????????? | | ?????????????????????????????????????????????????? | | ?????????????????????????????????????????????????? | | ?????????????????????????????????????????????????? | | ?????????????????????????????????????????????????? | | ?????????????????????????????????????????????????? | | ?????????????????????????????????????????????????? | | ?????????????????????????????????????????????????? | | ????????????? ???????????????????????????????????? | | ???????????? ?????##??????????????????????????? | | ??????????? ??### ?###??????????????????????? | | ????????????? ## ## ######?????????????????? | | ????????????????# ##????????????????? | | ?????????????????# #????????????????? | | ?????????????????# @ #?????????????????? | | ?????????????????# ##?????????????????? | | ?????????????????# ## ##??????????????????? | | ?????????????????# ???# h ##??????????????????? | | ??????????????????????# #??????????????????? | | ?????????????????????# #??????????????????? | | ?????????????????????## #??????????????????? | | ??????????????????????# ##??????????????????? | | ??????????????????????# ##???????????????????? | | ?????????????????????? ####????????????????????? | | ????????????????????? s????????????????????????? | | ???????????????????? =????????????????????????? | | ???????????????????### s ????????????????????????? | | ?????????????????????##s ????????????????????????? | | ?????????????????????? ????????????????????????? | | ?????????????????????? ????????????????????????? | | ????????????????????? ????????????????????????? | | ????????????????????? ?????????????????????????? | | ?????????????????????? "?????????????????????????? | | ?????????????????????????????????????????????????? | | ?????????????????????????????????????????????????? | | ?????????????????????????????????????????????????? | | ?????????????????????????????????????????????????? | | ?????????????????????????????????????????????????? | | ?????????????????????????????????????????????????? | +----------------------------------------------------+ Best States ------------- Heat Dissipation 25 Energy Generation 10 Energy Capacity 250 Matter Stores 300 Matter Capacity 500 Sight Range 16 Terrain Scan Density 10 Evasion (%) 62 Recoil Reduction 2 Item Schematics ----------------- None Robot Schematics ------------------ None Fabricated ------------ Nothing Repaired ---------- Nothing Alien Tech Used ----------------- None Achievements -------------- None Challenges ------------ None Game ------ Seed ScanCompositeTorch Manual? 0 Play Time 00:13:59 Cumulative 2.6 hours Start 2025.06.25 @ 21:17:06 End 2025.06.25 @ 21:31:55 Sessions 1 Manual Loads 0 Difficulty Rogue Special Mode None Game No. 5 Rogue 5 Adventurer 0 Explorer 0 Win Type - Total 0 Types 0/0/0/0/0/0/0/0/0/0 Lore% 3 Gallery% 4 Achievement% 6 Wizard Run 0 Options --------- Layout 1 ASCII 0 Keyboard 0 Movement Mouse Keybinds 0 Fullscreen 1 Font 48/Smallcaps Map View 50x35 Zoom Use 0% Tactical HUD 0 Map Filters NONE Filters NONE Steam 1 RUN: b5aa5161-cf43-40d8-8bc5-25bd100f5c07